Map: King Sejong Station LE

Players

gregco - Winner!

  • Race: Protoss Protoss
  • League: Silver

Gracz

  • Race: Protoss Protoss
  • League: Silver

VOD

Have the link to the VOD?

Description

Time

  • Played on: Oct. 2, 2016, 4:40 a.m.
  • Length: 10:38
Show
View Real Time Build Order
Export as new Build Order

gregco Protoss - Winner!

Build Orders:  

Get SALT Encoding   

  12  0:01  Probe (Chrono Boost)  
  13  0:11  Probe (Chrono Boost)  
  14  0:22  Probe (Chrono Boost)  
  14  0:25  Pylon  
  15  0:48  Gateway  
  15  0:51  Gateway  
  15  0:56  Assimilator  
  15  1:01  Assimilator  
  15  1:03  Probe (Chrono Boost)  
  16  1:14  Probe (Chrono Boost)  
  16  1:17  Pylon  
  17  1:24  Probe (Chrono Boost)  
  18  1:35  Probe (Chrono Boost)  
  18  1:39  Cybernetics Core  
  19  1:46  Probe (Chrono Boost)  
  20  1:56  Probe (Chrono Boost)  
  20  1:58  Pylon  
  21  2:06  Warp Gate  
  21  2:07  Probe (Chrono Boost)  
  22  2:18  Probe (Chrono Boost)  
  22  2:21  Pylon  
  23  2:25  Gateway  
  23  2:29  Gateway  
  25  2:39  Mothership Core (Chrono Boost)  
  25  2:55  Twilight Council  
  26  2:59  Probe (Chrono Boost)  
  26  3:05  Robotics Facility  
  26  3:29  Pylon  
  26  3:33  Pylon  
  26  4:00  Observer  
  27  4:10  Stalker x2  
  27  4:11  Stalker  
  27  4:12  Stalker  
  35  4:34  Stalker x2  
  35  4:35  Stalker x2  
  41  5:48  Pylon  
  41  5:51  Pylon  
  41  5:54  Pylon  
  41  5:57  Pylon  
  41  6:12  Stalker  
  41  6:13  Stalker  
  47  6:19  Mothership Core (Chrono Boost)  
  47  6:33  Blink  
  47  6:38  Pylon  
  47  6:44  Pylon  
  47  6:47  Pylon  
  47  6:52  Pylon  
  45  7:18  Stalker x2  
  45  7:19  Stalker x2  
  53  7:23  Observer  
  53  7:29  Dark Shrine  
  54  7:32  Gateway  
  54  7:34  Gateway  
  54  7:45  Nexus  
  54  7:48  Assimilator  
  54  7:53  Assimilator  
  54  7:56  Stalker x2  
  54  7:57  Pylon  
  58  8:01  Pylon  
  58  8:02  Stalker  
  58  8:04  Pylon  
  60  8:31  Probe (Chrono Boost)  
  61  8:43  Probe (Chrono Boost)  
  63  8:55  Probe (Chrono Boost)  
  63  8:57  Stalker x2  
  67  9:07  Probe (Chrono Boost)  
  68  9:15  Probe (Chrono Boost)  
  69  9:19  Probe (Chrono Boost)  
  70  9:25  Probe (Chrono Boost)  
  72  9:32  Probe (Chrono Boost)  
  72  9:36  Probe (Chrono Boost)  
  73  9:44  Probe (Chrono Boost)  
  74  10:03  Stalker  
  74  10:04  Stalker x4  
  74  10:05  Stalker  
Show
View Real Time Build Order
Export as new Build Order

Gracz Protoss 

Build Orders: Blink Stalkers 

Get SALT Encoding   

  12  0:03  Probe (Chrono Boost)  
  13  0:22  Pylon  
  13  0:24  Assimilator  
  13  0:26  Probe (Chrono Boost)  
  14  0:32  Assimilator  
  14  0:36  Probe (Chrono Boost)  
  15  0:52  Probe (Chrono Boost)  
  16  1:03  Probe (Chrono Boost)  
  17  1:04  Pylon  
  17  1:13  Probe (Chrono Boost)  
  18  1:24  Probe (Chrono Boost), Gateway  
  19  1:32  Gateway  
  19  1:52  Probe (Chrono Boost)  
  20  2:02  Gateway, Probe (Chrono Boost)  
  21  2:16  Cybernetics Core  
  21  2:21  Pylon  
  21  2:30  Zealot  
  21  2:36  Probe (Chrono Boost)  
  24  2:49  Warp Gate  
  24  2:56  Stalker x2  
  28  3:14  Twilight Council  
  28  3:20  Stargate  
  28  3:25  Stalker  
  30  3:31  Stalker  
  30  3:32  Sentry  
  34  3:51  Blink  
  34  3:59  Stalker  
  36  4:23  Pylon  
  36  4:35  Void Ray  
  30  5:37  Void Ray  
  30  5:39  Stalker  
  30  5:40  Stalker x2  
  36  5:57  Nexus  
  30  6:26  Stalker x2  
  30  6:27  Stalker  
  32  6:33  Gateway  
  32  6:40  Pylon  
  32  6:43  Nexus  
  32  6:48  Void Ray  
  26  7:18  Probe (Chrono Boost)  
  27  7:28  Probe (Chrono Boost)  
  28  7:37  Fleet Beacon  
  28  7:39  Probe (Chrono Boost)  
  29  7:45  Assimilator  
  29  7:49  Probe (Chrono Boost)  
  30  7:56  Assimilator  
  30  8:01  Assimilator  
  30  8:05  Nexus  
  30  8:23  Stalker  
  30  8:24  Tempest, Stalker x2  
  39  8:34  Probe (Chrono Boost)  
  39  8:35  Probe (Chrono Boost)  
  39  8:36  Probe (Chrono Boost)  
  38  8:42  Stalker  
  24  9:00  Probe (Chrono Boost)  
  24  9:01  Probe (Chrono Boost)  
  26  9:14  Sentry  
  28  9:20  Probe (Chrono Boost)  
  28  9:31  Probe (Chrono Boost)  
  29  9:33  Probe (Chrono Boost)  
  30  9:51  Probe x2 (Chrono Boost)  
  32  10:01  Probe (Chrono Boost)  
  33  10:11  Cybernetics Core  
  33  10:13  Probe (Chrono Boost)  
Tags
 
Add a new tag
Caveats
  • Supply blocks, unpowered buildings, or Contaminate may cause inaccurate times.
  • Supply counts are checked every 10 seconds.